[Event "*** Titled Tuesday Blitz"]
[Site "Chess.com"]
[Date "2020.11.24"]
[Round "1"]
[White "Zubrrr"]
[Black "YIYUKI"]
[Result "1-0"]
[WhiteElo "2655"]
[BlackElo "2337"]
[TimeControl "180+1"]
[EndTime "10:21:08 PST"]
[Termination "Zubrrr won by resignation"]

1. d4 Nf6 2. c4 g6 3. g3 Bg7 4. Bg2 O-O 5. Nc3 d6 6. Nf3 c6 7.
O-O Nbd7 8. e4 e5 9. h3 a5 10. Be3 exd4 11. Nxd4 Re8 12. Re1 Nc5 13. Qc2 Nfd7 14.
Rad1 Qe7 15. f4 h5 16. Bf2 Nf8 17. b3 Bd7 18. Nde2 h4 19. g4 Nfe6 20. Kh1 g5 21. f5 Nf4 22. Nxf4 gxf4 23. Qd2 Be5 24. Ne2 Qg5 25. Bxc5 dxc5 26. Qxd7 Rad8 27. Qxb7 Rxd1 28. Rxd1 f3 29. Bxf3 Qe3 30. Kg2 a4 31. Qxc6 Rb8 32. Qxa4 Bd4 33. Nxd4 cxd4 34. c5 d3 35. Qc4 d2 36.
Qe2 Qxc5 37. Rxd2 Qe5 38. Qf2 Rc8 39. Qxh4 1-0

[Event "*** Titled Tuesday Blitz"]
[Site "Chess.com"]
[Date "2020.11.24"]
[Round "1"]
[White "BikingBrian"]
[Black "Chigorinetz"]
[Result "0-1"]
[WhiteElo "2260"]
[BlackElo "2560"]
[TimeControl "180+1"]
[EndTime "10:21:08 PST"]
[Termination "Chigorinetz won by resignation"]

1. d4 d5 2. Bf4 Bg4 3. c4 Nc6 4.
f3 Bh5 5. e3 e5 6. dxe5 d4 7. exd4 Qxd4 8. Qxd4 Nxd4 9. Bd3 O-O-O 10. Be4 Bg6 11. Ne2 Bxe4 12. Nxd4 Bxb1 13. Rxb1 Rxd4 14. Be3 Rd7 15. Ke2 Ne7 16. g4 Nc6 17. f4 h5 18. h3 b6 19. a3 Bc5 20. b4 Bxe3 21. Kxe3 a5 22. b5 Nd8 23. f5 Re8 24.
Kf4 Rd4+ 25. Kg5 hxg4 26. hxg4 Rxe5 27. Rh8 Kd7 28. a4 Ke7 29. Rc1 Ne6+ 30. Kh5 g6+ 31. Kh6 gxf5 32. Rg1 Rxg4 33. Rxg4 fxg4 34. c5 g3 35. cxb6 cxb6 36. Rb8 g2 37. Rb7+ Kf6 38. Rxb6 0-1

[Event "*** Titled Tuesday Blitz"]
[Site "Chess.com"]
[Date "2020.11.24"]
[Round "1"]
[White "chess94cu"]
[Black "HouseOfDurin"]
[Result "1-0"]
[WhiteElo "2512"]
[BlackElo "2130"]
[TimeControl "180+1"]
[EndTime "10:21:10 PST"]
[Termination "chess94cu won by resignation"]

1. d4 Nf6 2. Nf3 c5 3. e3 cxd4 4. exd4 g6 5. c4 Bg7 6. Nc3 O-O 7. d5 d6 8. Bd3 Bg4 9. h3 Bxf3 10. Qxf3 Nbd7 11. Qe2 Ne5 12. Bc2 Rc8 13. b3 a6 14. a4 e6 15. dxe6 fxe6 16. O-O Qd7 17. Ba3 Rfd8 18. Rad1 Nf7 19. Rfe1 d5 20. cxd5 Rxc3 21.
dxe6 Rxc2 22. Qxc2 Qc8 23. exf7+ Kxf7 24. Re7+ Kg8 25.
Qc4+ Kh8 26. Rxd8+ Qxd8 27. Qf7 Qg8 28. Qxg8+ Kxg8 29. Rxb7 Ne4 30. b4 Bd4 31. Kf1 Nxf2 32. Rd7 Be3 33.
Bc1 Bxc1 34. Kxf2 Ba3 35. b5 axb5 36. axb5 Bc5+ 37. Kf3 Kf8 38. Rxh7 1-0

[Event "*** Titled Tuesday Blitz"]
[Site "Chess.com"]
[Date "2020.11.24"]
[Round "1"]
[White "sara_khm"]
[Black "Morshynska"]
[Result "1-0"]
[WhiteElo "2564"]
[BlackElo "2273"]
[TimeControl "180+1"]
[EndTime "10:21:11 PST"]
[Termination "sara_khm won on time"]

1. d4 d5 2. c4 e6 3. Nc3 Nf6 4. cxd5 exd5 5. Bg5 Be7 6. e3 c6 7. Bd3 O-O 8. Qc2 Nbd7 9. Nge2 Re8 10. O-O Nf8 11. Rad1 Ne4 12. Bxe7 Qxe7 13. Bxe4 dxe4 14. d5 f5 15. dxc6 bxc6 16. Nd4 Bd7 17. Na4 Kh8 18. Nxc6 Bxc6 19. Qxc6 Rac8 20. Qd6 Qxd6 21. Rxd6 Rc4 22. Nc3 Rb8 23. Rd2 Ne6 24. Rfd1 Kg8 25. h4 h5 26. Ne2 Nc5 27. Rd8+ Rxd8 28. Rxd8+ Kf7 29. Rc8 Rc2 30. Nd4 Rc1+ 31. Kh2 g6 32. Ne2 Rc2 33. Nf4 Rc1 34.
Rc7+ Kf6 35. Rc6+ Kf7 36. Nxg6 Nd3 37. Ne5+ Ke7 38. Rxc1 Nxc1 39. Nc6+ Kd6 40. Nxa7 Nxa2 41. Nb5+ Kc5 42. Nd4 Nc1 43. Nxf5 Nd3 44. Kg3 Nxb2 45. Ng7 1-0

[Event "*** Titled Tuesday Blitz"]
[Site "Chess.com"]
[Date "2020.11.24"]
[Round "1"]
[White "serhanberat_ozdemir"]
[Black "Korchmar_Vasiliy"]
[Result "1-0"]
[WhiteElo "2350"]
[BlackElo "2614"]
[TimeControl "180+1"]
[EndTime "10:21:12 PST"]
[Termination "serhanberat_ozdemir won by resignation"]

1. e4 c5 2. Nf3 d6 3. d4 cxd4 4.
Nxd4 Nf6 5. Nc3 Nc6 6. f3 e5 7.
Nb3 Be7 8. Be3 O-O 9. Qd2 Be6 10.
O-O-O a5 11. Bb5 Nb4 12. g4 d5 13. g5 d4 14. gxf6 Bxf6 15. Nxd4 exd4 16. Bxd4 Bxd4 17.
Qxd4 Nxa2+ 18. Nxa2 Qg5+ 19. f4 Qxb5 20. Nc3 Qb4 21.
f5 Bc4 22. Rhg1 f6 23. Rg3 Kh8 24. e5 fxe5 25. Qxe5 Rf7 26. Rdg1 Qe7 27. Qd4 b5 28. Ne4 Rd8 29. Rxg7 Rxg7 30. Rxg7 Qf8 31. Rd7+ 1-0

[Event "*** Titled Tuesday Blitz"]
[Site "Chess.com"]
[Date "2020.11.24"]
[Round "1"]
[White "bazar-wokzal"]
[Black "ViktoriyaTarasova"]
[Result "0-1"]
[WhiteElo "2544"]
[BlackElo "2276"]
[TimeControl "180+1"]
[EndTime "10:21:12 PST"]
[Termination "ViktoriyaTarasova won on time"]

1. e4 e5 2. Bc4 Nf6 3. d3 c6 4. Nf3 d5 5. Bb3 Bd6 6. Nc3 d4 7. Ne2 a5 8. c3 c5 9. cxd4 cxd4 10. O-O Nc6 11. Bg5 h6 12. Bh4 g5 13. Bg3 Nh5 14.
Rc1 O-O 15. Nd2 Nf4 16. Nc4 Bc7 17. h4 gxh4 18. Nxf4 exf4 19. Qh5 Qg5 20. Qxg5+ hxg5 21. Bh2 a4 22. Bd1 Be6 23. Re1 g4 24. Kh1 Kg7 0-1

[Event "*** Titled Tuesday Blitz"]
[Site "Chess.com"]
[Date "2020.11.24"]
[Round "1"]
[White "ZEN-22"]
[Black "Shield12"]
[Result "0-1"]
[WhiteElo "2450"]
[BlackElo "2914"]
[TimeControl "180+1"]
[EndTime "10:21:14 PST"]
[Termination "Shield12 won by resignation"]

1. e3 d5 2. Ne2 Nf6 3. d4 g6 4.
c4 Bg7 5. cxd5 Nxd5 6. h4 Nf6 7.
h5 Nxh5 8. Rxh5 gxh5 9. Nf4 Bg4 10. Be2 e5 11. Nxh5 Bxh5 12. Bxh5 exd4 13. Qf3 O-O 14.
Qxb7 Nd7 15. exd4 Qh4 16. Bxf7+ Kxf7 17. Qd5+ Kg6 18. Qxd7 Qxf2+ 19. Kd1 Qf1+ 20. Kc2 Qf5+ 21. Qxf5+ Rxf5 22. Nd2 Rf2 23. Kd3 Rxg2 24. Nf3 Rg3 25. Ke2 Rf8 26. Ne5+ Bxe5 27. dxe5 Rg1 28. b3 h5 29. e6 Re8 30. Kf2 Rh1 31. Kg2 Rd1 32. Kh3 Rxe6 33. Bb2 Re3+ 34. Kh4 Rxa1 35. Bxa1 Re2 36. a4 Re3 37. b4 Re4+ 38. Kh3 Rxb4 39. Be5 c6 40. a5 Ra4 41. Bc7 c5 42. Kg3 c4 43. Kf2 c3 44. Ke3 c2 45. Kd2 Rc4 0-1

[Event "*** Titled Tuesday Blitz"]
[Site "Chess.com"]
[Date "2020.11.24"]
[Round "1"]
[White "aa175"]
[Black "sergeikim"]
[Result "1-0"]
[WhiteElo "2262"]
[BlackElo "2535"]
[TimeControl "180+1"]
[EndTime "10:21:14 PST"]
[Termination "aa175 won by resignation"]

1. d4 Nf6 2. Bf4 g6 3. e3 Bg7 4.
Nf3 d6 5. Be2 O-O 6. O-O Nbd7 7.
c4 b6 8. Nc3 Bb7 9. Qc2 a6 10.
e4 Nh5 11. Be3 e5 12. Rad1 exd4 13. Nxd4 Nhf6 14. f3 Re8 15. Nd5 h6 16. Qd2 Kh7 17.
Bd3 Ne5 18. b4 Nxd3 19. Qxd3 Nd7 20. Nb3 a5 21. a3 axb4 22. axb4 Ra3 23. Qc2 Ne5 24.
c5 Ba6 25. cxb6 cxb6 26. Bxb6 Qd7 27. Rf2 Nc4 28. Bd4 Qa4 29. Bxg7 Qxb3 30. Nf6+ Kxg7 31.
Nxe8+ Kf8 32. Qxb3 Rxb3 33. Nxd6 Ne3 34. Ra1 Bd3 35.
Rd2 Ke7 36. e5 f6 37. Nc8+ Ke6 38. exf6 Kxf6 39. Nb6 h5 40. Nd7+ Kf5 41. Nc5 Nc4 42. Nxb3 1-0

[Event "*** Titled Tuesday Blitz"]
[Site "Chess.com"]
[Date "2020.11.24"]
[Round "1"]
[White "maximnovik"]
[Black "Klavdia_Nik"]
[Result "1-0"]
[WhiteElo "2502"]
[BlackElo "2089"]
[TimeControl "180+1"]
[EndTime "10:21:16 PST"]
[Termination "maximnovik won on time"]

1. d4 Nf6 2. Bg5 e6 3. c3 Be7 4.
Nd2 d5 5. e3 O-O 6. Bd3 b6 7.
f4 c5 8. Ngf3 Nc6 9. O-O Nd7 10.
Qe1 f5 11. g4 Nf6 12. gxf5 exf5 13. Bxf6 Bxf6 14. Kh1 Qe8 15. Qf2 Qh5 16. Rg1 Be6 17. Rg2 Ne7 18. Rag1 Kh8 19. Ne5 Bh4 20. Qf1 Bf6 21.
Ndf3 cxd4 22. exd4 g6 23. Rg3 Qh6 24. Ng5 Bxg5 25. Rxg5 Qg7 26. h4 Rf6 27. R1g2 1-0

[Event "*** Titled Tuesday Blitz"]
[Site "Chess.com"]
[Date "2020.11.24"]
[Round "1"]
[White "Durarbayli"]
[Black "Loy_Konstantin"]
[Result "1-0"]
[WhiteElo "2762"]
[BlackElo "2395"]
[TimeControl "180+1"]
[EndTime "10:21:20 PST"]
[Termination "Durarbayli won by resignation"]

1. e4 c5 2. b3 Nc6 3. Bb2 d6 4. Bb5 Bd7 5. f4 Nf6 6. Qe2 a6 7. Bxc6 Bxc6 8. d3 e6 9. Nd2 Be7 10. g4 h6 11. h4 Rg8 12. g5 Nd7 13. Qg4 hxg5 14. hxg5 Qa5 15. g6 Nf6 16. gxf7+ Kxf7 17. Qg2 Rh8 18. Nf3 Rxh1+ 19. Qxh1 Rg8 20. Ng5+ Ke8 21. Nxe6 Bd7 22. f5 Bxe6 23. fxe6 Kd8 24. O-O-O Qxa2 25. e5 Kc7 26. exf6 Bxf6 27. Bxf6 gxf6 28. Qh7+ Kc6 29. Qxg8 Qa1+ 30. Nb1 1-0

[Event "*** Titled Tuesday Blitz"]
[Site "Chess.com"]
[Date "2020.11.24"]
[Round "1"]
[White "hansen"]
[Black "Nadeev_Sergey"]
[Result "1-0"]
[WhiteElo "2932"]
[BlackElo "2455"]
[TimeControl "180+1"]
[EndTime "10:21:21 PST"]
[Termination "hansen won by resignation"]

1. e4 e5 2. Nf3 Nc6 3. Bb5 a6 4.
Ba4 Nf6 5. O-O Be7 6. Re1 b5 7.
Bb3 O-O 8. h3 Bb7 9. d3 d5 10.
exd5 Nxd5 11. a4 Nd4 12. Nxd4 exd4 13. Nd2 c5 14. Nf3 Qc7 15. Qe2 Bf6 16. axb5 axb5 17. Rxa8 Bxa8 18. Ng5 Bc6 19. Nxh7 Kxh7 20. Qh5+ Kg8 21.
Bxd5 Bxd5 22. Qxd5 Rd8 23. Qf5 c4 24. Qxb5 cxd3 25. Re8+ Rxe8 26. Qxe8+ Kh7 27. Qe4+ Kg8 28. Qxd3 Qa5 29. b3 Be5 30. g3 Qe1+ 31. Qf1 Qe4 32. Qd1 f5 33. b4 f4 34. Bxf4 Bxf4 35. gxf4 Qxf4 36. Qg4 Qd2 37. Qe6+ Kf8 38. Qf5+ Kg8 39. b5 Qb4 40. Qd5+ Kh8 41. Qc6 Qd2 42. Qc8+ Kh7 43.
Qf5+ Kh8 44. b6 Qe1+ 45. Kg2 Qb4 46. Qc8+ Kh7 47. b7 1-0

[Event "*** Titled Tuesday Blitz"]
[Site "Chess.com"]
[Date "2020.11.24"]
[Round "1"]
[White "Tenamu"]
[Black "MatyChess1"]
[Result "0-1"]
[WhiteElo "2308"]
[BlackElo "2606"]
[TimeControl "180+1"]
[EndTime "10:21:21 PST"]
[Termination "MatyChess1 won by checkmate"]

1. d4 d5 2. Nc3 Nf6 3. Bf4 a6 4. e3 Bf5 5. f3 e6 6. g4 Bg6 7. h4 h5 8. g5 Nfd7 9. Bd3 Bxd3 10.
Qxd3 c5 11. Nge2 Nc6 12. O-O-O Qa5 13. Qd2 cxd4 14. exd4 Bb4 15. a3 Bxa3 16. bxa3 Qxa3+ 17. Kb1 Nb6 18. Na2 Na4 19. Qc1 Qe7 20. Nec3 Nb6 21.
Rhe1 Na5 22. g6 f6 23. Qb2 Nac4 24. Qb4 Qd7 25. Nc1 a5 26. Qb3 O-O 27. Nd3 Rfe8 28. Ka1 Rac8 29. Nc5 Qc6 30. Qb5 e5 31. Qxc6 Rxc6 32.
Bg3 Na3 33. Kb2 Nbc4+ 34. Kb3 Rb6+ 35. Ka4 Rb4# 0-1

[Event "*** Titled Tuesday Blitz"]
[Site "Chess.com"]
[Date "2020.11.24"]
[Round "1"]
[White "NewBornNow"]
[Black "Trickov"]
[Result "1-0"]
[WhiteElo "2703"]
[BlackElo "2371"]
[TimeControl "180+1"]
[EndTime "10:21:22 PST"]
[Termination "NewBornNow won by resignation"]

1. e4 c5 2. Nf3 d6 3. d4 Nf6 4.
Nc3 cxd4 5. Nxd4 a6 6. Be3 e5 7. Nf3 Qc7 8. a4 h6 9. a5 Be6 10. Be2 Nbd7 11. O-O Rc8 12. Nd5 Bxd5 13. exd5 g6 14.
c4 Bg7 15. b4 O-O 16. Rc1 Ng4 17. Bd2 e4 18. Ne1 Nge5 19. Nc2 f5 20. Nd4 Rfe8 21. Ne6 Qb8 22. f4 exf3 23. gxf3 Nf8 24. Nxg7 Kxg7 25.
f4 Ned7 26. Bc3+ Nf6 27. Qd4 Nd7 28. Bf3 b6 29. Rfe1 bxa5 30. Re6 Rf8 31. bxa5 Qb3 32.
Rxd6 Kf7 33. Rxf6+ Nxf6 34. Qxf6+ Ke8 35. Re1+ 1-0

[Event "*** Titled Tuesday Blitz"]
[Site "Chess.com"]
[Date "2020.11.24"]
[Round "1"]
[White "Zhani-Z"]
[Black "salomez"]
[Result "1-0"]
[WhiteElo "2519"]
[BlackElo "2160"]
[TimeControl "180+1"]
[EndTime "10:21:22 PST"]
[Termination "Zhani-Z won by resignation"]

1. e4 c5 2. Nf3 e6 3. g3 Nf6 4. Qe2 d6 5. Bg2 Nc6 6. O-O Be7 7.
c3 e5 8. Rd1 O-O 9. d4 Qc7 10. dxc5 dxc5 11. Bg5 h6 12. Bxf6 Bxf6 13. Nbd2 Be6 14. Nc4 Rad8 15. Ne3 Rxd1+ 16. Rxd1 Rd8 17. Nd5 Bxd5 18. exd5 Ne7 19. c4 Nf5 20. Re1 Nd4 21. Qe4 Re8 22. b4 b6 23. Nxd4 cxd4 24. Rc1 Bg5 25.
f4 Be7 26. fxe5 Bxb4 27. d6 Qc5 28. d7 Rd8 29. Bh3 d3+ 30. Kg2 d2 31. Rd1 Qe7 32. Qd5 Kh8 33. Rf1 f6 34. e6 Ba5 35.
Rd1 Qc5 36. Qxc5 bxc5 37. e7 1-0

[Event "*** Titled Tuesday Blitz"]
[Site "Chess.com"]
[Date "2020.11.24"]
[Round "1"]
[White "Nitzan_Steinberg"]
[Black "Tactictic"]
[Result "1-0"]
[WhiteElo "2854"]
[BlackElo "2430"]
[TimeControl "180+1"]
[EndTime "10:21:23 PST"]
[Termination "Nitzan_Steinberg won on time"]

1. e4 c5 2. Nf3 d6 3. d4 cxd4 4.
Nxd4 Nf6 5. Nc3 a6 6. h4 Nc6 7.
Be3 Ng4 8. Nxc6 bxc6 9. Bd2 h5 10. f3 Ne5 11. b3 g6 12. Na4 Bg7 13. c4 O-O 14. Rc1 c5 15. Be2 Nc6 16. O-O Nd4 17. Nc3 a5 18. Bd3 Bd7 19. Bg5 f6 20. Be3 f5 21. Bg5 Bf6 22. Bxf6 Rxf6 23. Nd5 Rf7 24. Qd2 e6 25. Nf4 Kg7 26. exf5 exf5 27. Qf2 Bc6 28.
Qg3 g5 29. hxg5 h4 30. Qxh4 Qh8 31. Qg3 Re8 32. Rce1 Rfe7 33. Rxe7+ Rxe7 34. Re1 Qe8 35. Rxe7+ Qxe7 36. Kf2 a4 37. g6 axb3 38. axb3 Nxb3 39. Nh5+ Kg8 40. g7 Nc1 41. Bf1 Ba4 42. Qg6 Be8 43.
Nf6+ Qxf6 44. Qxf6 1-0

[Event "*** Titled Tuesday Blitz"]
[Site "Chess.com"]
[Date "2020.11.24"]
[Round "1"]
[White "Donseng"]
[Black "DonPreuss"]
[Result "1-0"]
[WhiteElo "2540"]
[BlackElo "2230"]
[TimeControl "180+1"]
[EndTime "10:21:23 PST"]
[Termination "Donseng won by resignation"]

1. e4 e5 2. Nf3 d5 3. Nxe5 Bd6 4. d4 dxe4 5. Bc4 Bxe5 6. Qh5 Qe7 7. Qxe5 Qxe5 8. dxe5 Nc6 9. Bf4 Nge7 10. Nc3 Ng6 11. Bg3 Bf5 12. O-O-O Ngxe5 13. Bb5 O-O 14. Rhe1 a6 15.
Bxc6 Nxc6 16. Nxe4 Rac8 17. Nc5 Nb4 18. a3 Nxc2 19.
Re2 b6 20. Nxa6 Na1 21. b4 Nb3+ 22. Kb2 Be6 23. Nxc7 Bc4 24. Re3 f5 25. Rxb3 Bxb3 26. Kxb3 f4 27. Ne6 fxg3 28. Nxf8 gxf2 29. Ne6 Re8 30.
Rf1 Rxe6 31. Rxf2 b5 32. Rf5 Re3+ 33. Kb2 Re2+ 34. Kc3 Rxg2 35. Rxb5 Rxh2 36. Rd5 h5 37. b5 h4 38. b6 Rh3+ 39. Kb4 Rh1 40. Rb5 Rb1+ 41. Ka5 Rxb5+ 42. Kxb5 1-0

[Event "*** Titled Tuesday Blitz"]
[Site "Chess.com"]
[Date "2020.11.24"]
[Round "1"]
[White "picturesquecheck"]
[Black "Szparu"]
[Result "0-1"]
[WhiteElo "2116"]
[BlackElo "2508"]
[TimeControl "180+1"]
[EndTime "10:21:24 PST"]
[Termination "Szparu won by resignation"]

1. e4 c5 2. Nf3 Nc6 3. d4 cxd4 4. Nxd4 e5 5. Nb5 d6 6. N1c3 a6 7. Na3 b5 8. Nd5 Nge7 9. c4 Nxd5 10. cxd5 Nd4 11.
Bd3 g6 12. O-O Bg7 13. Nc2 O-O 14. Nxd4 exd4 15. a4 Rb8 16. axb5 axb5 17. Qd2 f5 18. exf5 Bxf5 19. b4 Qd7 20. Bb2 Bxd3 21. Qxd3 Qf5 22. Ra3 Qxd5 23. Rd1 Rbe8 24. h3 Re4 25. Ra5 Qe5 26.
Rxb5 Re1+ 27. Rxe1 Qxe1+ 28. Qf1 Qd2 29. Bc1 Qc2 30.
Rd5 Be5 31. f4 Qe4 32. Rb5 d3 33. g3 Bd4+ 34. Kh2 Rc8 0-1

[Event "*** Titled Tuesday Blitz"]
[Site "Chess.com"]
[Date "2020.11.24"]
[Round "1"]
[White "OMGCovid-19"]
[Black "TrickyFortem"]
[Result "0-1"]
[WhiteElo "1825"]
[BlackElo "2470"]
[TimeControl "180+1"]
[EndTime "10:21:24 PST"]
[Termination "TrickyFortem won on time"]

1. e4 c5 2. Nc3 Nc6 3. Bc4 e6 4.
f4 Be7 5. Nf3 a6 6. a4 Nf6 7.
O-O Nxe4 8. Nxe4 d5 9. Neg5 dxc4 10. Qe2 h6 11. Ne4 Nd4 12. Qxc4 Nxf3+ 13. Rxf3 Qd5 14.
Qe2 O-O 15. d3 b6 16. Bd2 Bb7 17. Bc3 f5 18. Ng3 Bf6 19. Re3 Rae8 20. Be5 Bxe5 21.
Rxe5 Qd4+ 22. Kh1 Qxf4 23. Rxe6 Rxe6 24. Qxe6+ Kh7 25. Rf1 Qd2 26. Qe2 Qxe2 27. Nxe2 g5 28. Ng3 Kg6 29. Re1 f4 30. Nf1 Kf6 31. Nd2 g4 32. a5 b5 33. Ne4+ Kg6 34. Nxc5 Bc8 35.
Ne6 Rf6 36. Nc7 Rc6 37. Nd5 Rxc2 38. Ne7+ Kf6 39. Nxc8 Rxc8 40. h3 h5 41. hxg4 hxg4 42. Re4 Kf5 43. Re8 Rxe8 0-1

[Event "*** Titled Tuesday Blitz"]
[Site "Chess.com"]
[Date "2020.11.24"]
[Round "1"]
[White "barriochess"]
[Black "Tayson_7"]
[Result "0-1"]
[WhiteElo "2359"]
[BlackElo "2681"]
[TimeControl "180+1"]
[EndTime "10:21:29 PST"]
[Termination "Tayson_7 won by resignation"]

1. d4 Nf6 2. c4 c5 3. d5 e6 4. Nc3 exd5 5. cxd5 d6 6. e4 g6 7. f4 Bg7 8. Nf3 O-O 9. Be2 Bg4 10. O-O Re8 11. h3 Bxf3 12. Bxf3 a6 13. Re1 Nbd7 14. a4 c4 15. g4 Nc5 16. e5 dxe5 17. fxe5 Nfd7 18.
e6 Ne5 19. exf7+ Kxf7 20. Bg2 Qh4 21. Rf1+ Kg8 22. d6 Ned3 23. Nd5 Rad8 24. Ne7+ Rxe7 25. dxe7 Qxe7 26. Qc2 b5 27. axb5 axb5 28. Ra8 Rxa8 29. Bxa8 Bd4+ 30. Kh1 Ne4 31. Bd5+ Kh8 32. Bxe4 Qxe4+ 33. Qg2 Qxg2+ 34. Kxg2 Nxc1 35. Rxc1 Bxb2 36. Rc2 c3 37.
Kf3 b4 0-1

[Event "*** Titled Tuesday Blitz"]
[Site "Chess.com"]
[Date "2020.11.24"]
[Round "1"]
[White "LaPorfia"]
[Black "Chesswizard_2007"]
[Result "0-1"]
[WhiteElo "2303"]
[BlackElo "2604"]
[TimeControl "180+1"]
[EndTime "10:21:31 PST"]
[Termination "Chesswizard_2007 won by resignation"]

1. d4 Nf6 2. Nf3 g6 3. Nc3 Bg7 4. e4 d6 5. h3 O-O 6. Be3 a6 7. a4 Nbd7 8. Bc4 e5 9. dxe5 Nxe5 10. Nxe5 dxe5 11. Bc5 Re8 12. a5 Be6 13. Bxe6 Rxe6 14. O-O Qe8 15. Qe2 Qc6 16. Ba3 Bf8 17. Rfd1 Bxa3 18.
Rxa3 Rd6 19. Rxd6 cxd6 20. Rb3 Rc8 21. Qd3 Qc5 22. Rxb7 Qd4 23. Qxd4 exd4 24. Ne2 Rxc2 25.
Nxd4 Rc1+ 26. Kh2 Nxe4 27. Rb6 h5 28. f3 Nd2 29. Kg3 Nf1+ 30. Kf2 h4 31. b3 Ng3 32. Rxa6 f5 33. Ra7 f4 34. Ra8+ Kh7 35. Ra7+ Kh6 0-1

[Event "*** Titled Tuesday Blitz"]
[Site "Chess.com"]
[Date "2020.11.24"]
[Round "1"]
[White "elcandado"]
[Black "mortngabriel"]
[Result "1-0"]
[WhiteElo "2667"]
[BlackElo "2348"]
[TimeControl "180+1"]
[EndTime "10:21:32 PST"]
[Termination "elcandado won by checkmate"]

1. d4 Nf6 2. Bf4 g6 3. Nc3 d5 4. Nb5 Na6 5. a4 Bg7 6. e3 O-O 7. h3 c6 8. Na3 Nd7 9. Nf3 Re8 10. Bxa6 Qa5+ 11. c3 Qxa6 12. Qe2 b6 13. Qxa6 Bxa6 14. Kd2 e5 15. Nxe5 Nxe5 16. Bxe5 Bxe5 17. dxe5 Rxe5 18. b4 c5 19. bxc5 bxc5 20. Rab1 Rd8 21. Nb5 Rf5 22. f4 h5 23. g3 Rf6 24. Nxa7 Bc4 25. Nb5 Ra6 26.
Ra1 Ra5 27. Rhb1 Rda8 28. Nd6 Rxa4 29. Rxa4 Rxa4 30. Rb8+ Kg7 31. Rb7 Ra2+ 32. Kc1 Rg2 33. Nxf7 Kf6 34. Ng5 Rxg3 35. Rf7# 1-0

[Event "*** Titled Tuesday Blitz"]
[Site "Chess.com"]
[Date "2020.11.24"]
[Round "1"]
[White "mjray79"]
[Black "platy3"]
[Result "0-1"]
[WhiteElo "2429"]
[BlackElo "2852"]
[TimeControl "180+1"]
[EndTime "10:21:33 PST"]
[Termination "platy3 won by resignation"]

1. d4 Nf6 2. c4 e6 3. g3 d5 4. Bg2 Be7 5. Nf3 O-O 6. O-O dxc4 7. Qc2 a6 8. a4 Bd7 9. Qxc4 Bc6 10.
Bg5 Bd5 11. Qd3 Be4 12. Qd2 h6 13. Bf4 a5 14. Nc3 Bh7 15. Ne5 c6 16. e4 Bb4 17.
Qe3 Nbd7 18. Rfd1 Nxe5 19. Bxe5 Ng4 20. Qf4 Nxe5 21. Qxe5 Re8 22. Qh5 Bg6 23. Qe2 Qb6 24. Na2 Bf8 25. Rac1 Rad8 26. Qd2 Bh5 27. f3 e5 28. Rc4 exd4 29. Nc1 f6 30. Kh1 Bf7 31. Rxd4 Rxd4 32. Qxd4 Bc5 33. Qd2 Bb4 34. Qe2 Rd8 35.
Nd3 Bc4 36. Qc2 Bf7 37. Nxb4 axb4 38. Rxd8+ Qxd8 39. h3 Qd6 40. f4 Qd4 41. Qe2 Bc4 42. Qc2 b3 43. Qc3 Qxc3 44. bxc3 b2 0-1

[Event "*** Titled Tuesday Blitz"]
[Site "Chess.com"]
[Date "2020.11.24"]
[Round "1"]
[White "Fusikk"]
[Black "Grineva_Marianna"]
[Result "1-0"]
[WhiteElo "2531"]
[BlackElo "2209"]
[TimeControl "180+1"]
[EndTime "10:21:33 PST"]
[Termination "Fusikk won by resignation"]

1. d4 f5 2. h3 d6 3. c4 Nf6 4.
Nc3 g6 5. Nf3 Bg7 6. Bg5 O-O 7.
e3 h6 8. Bxf6 Bxf6 9. Bd3 Kg7 10. O-O c6 11. Qe2 e5 12. dxe5 dxe5 13. e4 f4 14.
Rfd1 Qe7 15. a3 Be6 16. b4 Nd7 17. c5 a5 18. Bc4 Rfd8 19. Rd6 Nf8 20. Rad1 axb4 21.
axb4 Bf7 22. Bxf7 Kxf7 23. Qc4+ Ne6 24. Na4 Rxd6 25. cxd6 Qd8 26. Nc5 Qe8 27. d7 Qe7 28. d8=Q Rxd8 29. Rxd8 Qxd8 30. Qxe6+ Kg7 31. Qd7+ Qxd7 32.
Nxd7 Be7 33. Nc5 b6 34. Nd3 c5 35. bxc5 bxc5 36. Nfxe5 Kf6 37. Nc4 g5 38. f3 Ke6 39. Kf1 Kd7 40. Ke2 Kc6 41. Nde5+ Kb5 42.
Kd3 Bf6 43. Nf7 Bg7 44. e5 Kb4 45. e6 Bf8 46. Nxh6 1-0

[Event "*** Titled Tuesday Blitz"]
[Site "Chess.com"]
[Date "2020.11.24"]
[Round "1"]
[White "DenLaz"]
[Black "Ural_bogatyr"]
[Result "0-1"]
[WhiteElo "2763"]
[BlackElo "2418"]
[TimeControl "180+1"]
[EndTime "10:21:34 PST"]
[Termination "Ural_bogatyr won by checkmate"]

1. d4 Nf6 2. c4 e5 3. dxe5 Ng4 4. e3 Nxe5 5. Nh3 d5 6. cxd5 Bxh3 7. gxh3 Qh4 8. Nc3 Nbd7 9. Bd2 Bb4 10. Be2 Qxh3 11. a3 Be7 12. Qc2 Nf3+ 13. Bxf3 Qxf3 14. Rg1 Nc5 15.
b4 Bh4 16. Rf1 Nd7 17. Nb5 O-O 18. Nxc7 Rac8 19. d6 Ne5 20. h3 Rfd8 21. Qd1 Nd3# 0-1

[Event "*** Titled Tuesday Blitz"]
[Site "Chess.com"]
[Date "2020.11.24"]
[Round "1"]
[White "PowerThinking2650"]
[Black "PaulfromSPb"]
[Result "0-1"]
[WhiteElo "2347"]
[BlackElo "2666"]
[TimeControl "180+1"]
[EndTime "10:21:34 PST"]
[Termination "PaulfromSPb won by resignation"]

1. e4 c5 2. Nf3 d6 3. d4 cxd4 4. Nxd4 Nf6 5. Nc3 a6 6. Bc4 e6 7. O-O Be7 8. Bb3 O-O 9. f4 Nbd7 10. f5 e5 11. Nde2 Nc5 12. Ng3 h6 13. Be3 Qc7 14.
Nd5 Nxd5 15. Bxd5 Bf6 16. Nh5 Qe7 17. Qg4 Kh7 18. Rf3 Bg5 19. Bf2 g6 20. Ng3 Bf4 21.
Rf1 Rg8 22. Qh3 Rg7 23. Be3 Bxe3+ 24. Rxe3 Qg5 25. Ref3 a5 26. Bxf7 gxf5 27. Rxf5 Bxf5 28. Rxf5 Qe3+ 29. Kh1 Nxe4 30. Nf1 Nf2+ 31. Rxf2 Qxf2 32.
Qd3+ e4 33. Qxe4+ Kh8 34. Bc4 Rf8 35. h3 Qf4 36. Qe2 Qe5 37. Qh5 Qxh5 0-1

[Event "*** Titled Tuesday Blitz"]
[Site "Chess.com"]
[Date "2020.11.24"]
[Round "1"]
[White "Itk04"]
[Black "mikheeva86"]
[Result "1-0"]
[WhiteElo "2477"]
[BlackElo "1971"]
[TimeControl "180+1"]
[EndTime "10:21:35 PST"]
[Termination "Itk04 won on time"]

1. c4 Nf6 2. e3 e6 3. Nf3 d5 4. Nc3 c5 5. b3 Nc6 6. Bb2 d4 7. exd4 cxd4 8. Nb1 Bc5 9. d3 O-O 10. a3 a5 11. g3 e5 12. Bg2 e4 13. dxe4 Nxe4 14. O-O Re8 15. Nbd2 Nc3 16. Qc2 Ne2+ 17. Kh1 d3 18. Qb1 Bg4 19. Ne1 Qd6 20. Qxd3 Rad8 21.
Qxd6 Rxd6 22. Ne4 Rxe4 23. Bxe4 Ned4 24. Nd3 Nf3 25. Nxc5 f5 26. Bd5+ Kf8 27. Ne6+ Ke7 28. Kg2 1-0

[Event "*** Titled Tuesday Blitz"]
[Site "Chess.com"]
[Date "2020.11.24"]
[Round "1"]
[White "Lestofante90"]
[Black "konradrutkowski"]
[Result "1-0"]
[WhiteElo "2807"]
[BlackElo "2413"]
[TimeControl "180+1"]
[EndTime "10:21:36 PST"]
[Termination "Lestofante90 won by resignation"]

1. e4 e5 2. Nf3 Nc6 3. Bb5 a6 4. Ba4 d6 5. O-O Bd7 6. c3 g6 7.
d4 Bg7 8. Re1 b5 9. Bb3 Nf6 10.
Bg5 O-O 11. Nbd2 h6 12. Bh4 Re8 13. a3 Qc8 14. Rc1 Nh5 15. h3 exd4 16. cxd4 Nxd4 17. Nxd4 Bxd4 18. Nf3 Bg7 19. Qd2 Be6 20. Bd1 g5 21.
Bxg5 hxg5 22. Qxg5 Nf6 23. Nd4 Qd8 24. Nc6 Qd7 25.
e5 dxe5 26. Nxe5 Qd4 27. Bf3 Rad8 28. Nc6 Qxb2 29. Nxd8 Rxd8 30. Rxc7 Qxa3 31. Rxe6 Qa1+ 32. Rc1 Qb2 33. Re2 Qa3 34. Rec2 Nh7 35. Qxd8+ 1-0